 Seeded DCSS version 0.28.0-49-g6dfe1f597d (webtiles) character file.

Game seed: 20220515777 (custom seed)

35 tsursoyeet the Skirmisher (level 3, 0/34 HPs)
             Began as a Hill Orc Berserker on May 15, 2022.
             Was a Follower of Trog.
             Succumbed to an adder's poison
             ... on level 2 of the Dungeon on May 16, 2022.
             The game lasted 00:12:11 (2029 turns).

tsursoyeet the Skirmisher (Hill Orc Berserker)      Turns: 2029, Time: 00:12:12

Health: 0/34       AC:  3    Str: 21    XL:     3   Next: 33%
Magic:  3/3        EV: 11    Int:  7    God:    Trog [*.....]
Gold:   37         SH:  0    Dex: 10    Spells: 2/2 levels left

rFire   . . .      SeeInvis .   a - +0 mace
rCold   . . .      Faith    .   (no shield)
rNeg    . . .      Spirit   .   c - +0 leather armour
rPois   .          Reflect  .   (no helmet)
rElec   .          Harm     .   (no cloak)
rCorr   .          Rampage  .   (no gloves)
Will    .....                   (no boots)
Stlth   +.........              (no amulet)
HPRegen 0.11/turn               (no ring)
MPRegen 0.08/turn               (no ring)

@: lethally poisoned (0 -> -6)
A: no striking features
a: Renounce Religion, Berserk


You were on level 2 of the Dungeon.
You worshipped Trog.
Trog was aware of your devotion.
You visited 1 branch of the dungeon, and saw 2 of its levels.

You collected 37 gold pieces.

Inventory:

Hand Weapons
 a - a +0 mace (weapon)
 d - a +0 dagger
 f - a +0 short sword
 i - a +0 spear
Missiles
 g - 61 stones (quivered)
 k - 20 arrows
Armour
 b - a +0 animal skin
 c - a +0 leather armour (worn)
Scrolls
 l - a scroll of identify {unknown}
 m - a scroll of brand weapon {unknown}
Potions
 e - a potion of mutation {unknown}
 h - a potion of cancellation {unknown}
 j - a potion of haste {unknown}


   Skills:
 + Level 4.4 Fighting
 + Level 3.8 Maces & Flails
 + Level 2.4 Armour
 + Level 1.6 Dodging
 + Level 0.3 Stealth


You had 2 spell levels left.
You didn't know any spells.
Your spell library was empty.

Dungeon Overview and Level Annotations

Branches:
Dungeon (2/15)

Altars:


Message History

You are poisoned.
The adder poisons you! The goblin hits you with a +0 club.
You miss the adder.
The adder is moderately wounded.
You feel sick. The bat hits you. The bat closely misses you.
The adder closely misses you. The goblin hits you with a +0 club.
The ball python barely misses you. The ball python grabs you.
The ball python constricts you. The adder barely misses you.
You barely miss the adder.
The adder is moderately wounded.
You feel sick. The bat barely misses you.
The goblin hits you but does no damage. The ball python barely misses you.
The ball python constricts you. The adder closely misses you.
You closely miss the adder.
The adder is moderately wounded.
You feel sick. The bat barely misses you. The adder bites you.
* * * LOW HITPOINT WARNING * * *
You are more poisoned.
The adder poisons you!
The ball python bites you but does no damage.
The ball python constricts you. The goblin barely misses you.
The adder bites you.
* * * LOW HITPOINT WARNING * * *
The ball python bites you but does no damage.
The ball python constricts you.
* * * LOW HITPOINT WARNING * * *
The goblin hits you but does no damage.
You escape the ball python's grasp.
* * * LOW HITPOINT WARNING * * *
You feel sick.
You hit the adder.
The adder is almost dead.
* * * LOW HITPOINT WARNING * * *
You feel sick.
The bat hits you but does no damage. x2; The adder bites you.
* * * LOW HITPOINT WARNING * * *
The adder bites you but does no damage. The bat closely misses you.
You hit the adder.
You kill the adder!
Trog accepts your kill.
You die...

###.
....###
.......
.......####
^.....#..
.....#.#
#...####
#†bS.<#
#g#@.###
#l##.## #S#
#.# #$# #.#
#[# #.# #.#
..# .# .##
.


You could see a bat and a ball python.

Vanquished Creatures
  An adder (D:2)
  A worm (D:2)
  A dart slug (D:1)
  2 ball pythons (D:1)
  An endoplasm (D:1)
  2 goblins
  8 hobgoblins (D:1)
  3 kobolds (D:1)
  A quokka (D:1)
  2 bats (D:1)
  2 frilled lizards (D:1)
  4 rats (D:1)
28 creatures vanquished.

Notes
Turn   | Place    | Note
-------+----------+-------------------------------------------
     0 | D:1      | tsursoyeet the Hill Orc Berserker began the quest for the
                  | Orb.
     0 | D:1      | Reached XP level 1. HP: 19/19 MP: 1/1
  1027 | D:1      | Reached XP level 2. HP: 27/27 MP: 2/2
  1249 | D:1      | Reached skill level 4 in Fighting
  1585 | D:1      | Reached XP level 3. HP: 26/33 MP: 3/3
  2028 | D:2      | HP: 1/34 [adder (1)]
  2029 | D:2      | Succumbed to an adder's poison

Illustrated notes

Levels and vault maps discovered:
D:1:      dpeg_cavernosity, layout_basic, minmay_pentomino_u2
D:2:      layout_basic, minmay_misc_feat_chi, minmay_circle_x

Skill      XL: |  1  2 |
---------------+-------+-----
Fighting       | 4 |  4.4
Maces & Flails | |  3.8
Armour         | |  2.4
Dodging        | |  1.6
Stealth        | |  0.3

Action                   || total
-------------------------++-------
Melee: Mace              ||    74
Armor: Leather armour    ||    35
       Animal skin       ||     2
Dodge: Dodged            ||    75
